 Dungeon Crawl Stone Soup version 0.19.4 (webtiles) character file.

114 vatarom the Insei (level 4, 0/25 HPs)
             Began as an Octopode Transmuter on Feb 3, 2017.
             Succumbed to an adder's poison
             ... on level 4 of the Dungeon.
             The game lasted 00:05:17 (2486 turns).

vatarom the Insei (Octopode Transmuter)             Turns: 2486, Time: 00:05:18

Health: 0/25       AC:  1    Str:  9    XL:     4   Next: 97%
Magic:  6/8        EV: 13    Int: 15    God:
Gold:   107        SH:  0    Dex: 13    Spells: 3 memorised, 3 levels left

rFire  . . .     SeeInvis .       - Unarmed
rCold  . . .     Gourm    .     (no shield)
rNeg   . . .     Faith    .     (helmet restricted)
rPois  .         Spirit   .     (no amulet)
rElec  .         Reflect  .     f - ring of loudness (curse)
rCorr  .         Harm     .     i - ring of protection from magic
MR     +....                    (no ring)
Stlth  +.........               (no ring)
                                (no ring)
                                (no ring)
                                (no ring)
                                (no ring)

@: lethally poisoned (0 -> -8)
A: almost no armour, stealthy swim, amphibious, 8 rings, constrict 8, tentacle
spike 1, camouflage 1, blurry vision 1, deterioration 1, frail 1, gelatinous
body 1
a: no special abilities


You were on level 4 of the Dungeon.
You were not hungry.

You visited 1 branch of the dungeon, and saw 4 of its levels.

You collected 107 gold pieces.

Inventory:

Missiles
 a - 18 arrows
Jewellery
 f - a cursed ring of loudness (left tentacle)
 i - a ring of protection from magic (right tentacle)
Scrolls
 e - a scroll of enchant armour
 g - a scroll of fog
Books
 b - a book of Changes

   Spells                             Type                      Level
   a - Beastly Appendage              Transmutation                1
   b - Sticks to Snakes               Transmutation                2
   c - Spider Form                    Transmutation/Poison         3
   d - Ice Form                       Ice/Transmutation            4
   e - Blade Hands                    Transmutation                5
Comestibles
 c - 4 bread rations
 d - a fruit
 h - 3 beef jerkies
 j - 4 chunks of flesh


   Skills:
 - Level 1.0 Fighting
 - Level 2.0 Dodging
 * Level 4.2 Unarmed Combat
 + Level 3.0 Spellcasting
 + Level 2.9 Transmutations


You had 3 spell levels left.
You knew the following spells:

 Your Spells              Type           Power        Failure   Level  Hunger
a - Beastly Appendage     Tmut           ##....       8%          1    #......
b - Sticks to Snakes      Tmut           ##......     12%         2    ##.....
c - Spider Form           Tmut/Pois      #.........   34%         3    ###....


Dungeon Overview and Level Annotations

Branches:
Dungeon (4/15)
 Temple: D:4-7

Altars:
The Shining One

Annotations:
D:3 vatarom's ghost, amateur OpTm


Innate Abilities, Weirdness & Mutations

You cannot wear most types of armour.
You are very stealthy in the water. (Stealth+)
You are amphibious.
You can wear up to eight rings at the same time.
You can use your tentacles to constrict eight enemies at once.
Your skin changes colour to match your surroundings (Stealth+).
Your rubbery body absorbs attacks. (AC +1, EV +1)
One of your tentacles bears a spike.
Scrolls take you a little longer to read.
Your body sometimes deteriorates upon taking damage.
You are frail. (-10% HP)


Message History

You barely miss the adder.
You pierce the adder, but do no damage.
The adder is severely wounded.
You constrict the adder. The adder bites you.
* * * LOW HITPOINT WARNING * * *
You are lethally poisoned!
The adder poisons you! The adder bites you.
* * * LOW HITPOINT WARNING * * *
You are more poisoned.
The adder poisons you!
You tentacle-slap the adder.
You kill the adder!
* * * LOW HITPOINT WARNING * * *
You feel sick.
There is a lethal amount of poison in your body!
You aren't carrying any potions.
* * * LOW HITPOINT WARNING * * *
You feel sick.
* * * LOW HITPOINT WARNING * * *
You feel sick.
You die...

#### # ## ..# .#
#8. #####.##.# #..
#........#####
#...##....)@)......
#..!.........##....
######....)..# .
##.#.#.#.####
#.........#
##.##+##.## #..#
#..# ##.+ +.##
#######..# #..#


There were no monsters in sight!

Vanquished Creatures
  A worker ant (D:4)
  An adder (D:4)
  2 worms
  2 dart slugs (D:2)
  3 leopard geckos
  2 orcs (D:4)
  A ball python (D:1)
  4 giant cockroaches
  10 goblins
  3 hobgoblins
  9 kobolds
  3 bats
  4 frilled lizards
  2 rats (D:1)
47 creatures vanquished.

Vanquished Creatures (collateral kills)
  An orc wizard (D:4)
  2 oozes (D:1)
  A goblin (D:1)
  A rat (D:2)
5 creatures vanquished.

Grand Total: 52 creatures vanquished

Notes
Turn   | Place    | Note
-------+----------+-------------------------------------------
     0 | D:1      | vatarom the Octopode Transmuter began the quest for the Orb.
     0 | D:1      | Reached XP level 1. HP: 13/13 MP: 3/3
   104 | D:1      | Reached XP level 2. HP: 15/18 MP: 5/5
   112 | D:1      | Learned a level 2 spell: Sticks to Snakes
   407 | D:1      | Reached XP level 3. HP: 11/23 MP: 2/6
   782 | D:1      | Found a glowing golden altar of the Shining One.
   995 | D:2      | Learned a level 3 spell: Spider Form
  1777 | D:2      | Reached XP level 4. HP: 22/28 MP: 7/7
  1967 | D:3      | Noticed vatarom's ghost (amateur OpTm)
  2185 | D:4      | Gained mutation: Scrolls take you a little longer to read. [potion of mutation]
  2185 | D:4      | Gained mutation: Your spells are a little harder to cast, but a little more powerful. [potion of mutation]
  2185 | D:4      | Gained mutation: Your body sometimes deteriorates upon taking damage. [potion of mutation]
  2195 | D:4      | Reached skill level 4 in Unarmed Combat
  2470 | D:4      | Lost mutation: Your spells are a little harder to cast, but a little more powerful. [potion of mutation]
  2470 | D:4      | Gained mutation: You are frail. (-10% HP) [potion of mutation]
  2470 | D:4      | Gained mutation: One of your tentacles bears a spike. [potion of mutation]
  2483 | D:4      | HP: 1/25 [poisoned by an adder]
  2486 | D:4      | Succumbed to an adder's poison

Skill      XL: |  1  2  3  4 |
---------------+-------------+-----
Unarmed Combat | 4 |  4.2
Spellcasting   | 3 |  3.0
Fighting       | |  1.0
Dodging        | |  2.0
Transmutations | |  2.9

Action                   |  1- 3 |  4- 6 || total
-------------------------+-------+-------++-------
Melee: Unarmed           |    73 |    26 ||    99
       Constrict         |    18 |     9 ||    27
       Tentacles         |    13 |     4 ||    17
       Kick              |       |     1 ||     1
       Punch             |       |     1 ||     1
 Cast: Sticks to Snakes  |     8 |     6 ||    14
  Use: Scroll            |     5 |     3 ||     8
       Potion            |     3 |     3 ||     6
 Stab: Sleeping          |     5 |       ||     5
       Distracted        |     1 |       ||     1
  Eat: Fruit             |     3 |       ||     3
       Chunk             |     1 |     2 ||     3
Armor: Skin              |     4 |     1 ||     5
Dodge: Dodged            |    36 |    11 ||    47
